 Dungeon Crawl Stone Soup version 0.31.0-12-g77e489cdc1 (webtiles) character file.

Game seed: 10129541293566798191

7151 Silvore the Cleaver (level 10, -19/91 HPs)
             Began as a Minotaur Fighter on Feb 21, 2024.
             Was a High Priest of Okawaru.
             Demolished by an orc knight
             ... wielding a +0 glaive
              (22 damage)
             ... in a bailey.
             The game lasted 00:11:27 (7031 turns).

Silvore the Cleaver (Minotaur Fighter)              Turns: 7031, Time: 00:11:28

Health: -19/91     AC: 22    Str: 25    XL:     10   Next: 86%
Magic:  1/3        EV:  9    Int:  5    God:    Okawaru [*****.]
Gold:   366        SH:  7    Dex: 10    Spells: 9/9 levels left

rFire   . . .        D - +2 war axe (antimagic)
rCold   . . .        c - +0 buckler
rNeg    . . .        t - +2 plate armour {Will+}
rPois   +            q - +0 hat
rElec   .            (no cloak)
rCorr   .            s - +2 pair of gloves
SInv    .            (no boots)
Will    ++...        j - amulet of regeneration Stlth
                     o - ring of willpower
HPRegen 1.15/turn    w - ring of poison resistance
MPRegen 0.08/turn

%: no passive effects
@: heroic
A: horns 2, retaliatory headbutt
a: Renounce Religion, Heroism, Finesse, Duel


You were in a bailey.
You worshipped Okawaru.
Okawaru was extremely pleased with you.
You visited 2 branches of the dungeon, and saw 10 of its levels.
You also visited: Ossuary and Bailey.

You collected 366 gold pieces.

Inventory:

Hand Weapons
 a - a +1 war axe
 v - a +4 hand axe
 D - a +2 antimagic war axe (weapon)
Missiles
 x - a throwing net (quivered)
Armour
 b - a +0 scale mail
 c - a +0 buckler (worn)
 e - a +3 plate armour
 q - a +0 hat (worn)
 s - a +2 pair of gloves (worn)
 t - a +2 plate armour of willpower (worn)
Jewellery
 j - an amulet of regeneration (around neck)
 o - a ring of willpower (left hand)
 p - a +6 ring of dexterity
 r - a ring of see invisible
 w - a ring of poison resistance (right hand)
 H - a ring of positive energy
Wands
 n - a wand of digging (3)
 A - a wand of flame (24)
 F - a wand of mindburst (7)
 G - a wand of roots (10)
Scrolls
 d - 2 scrolls of fog
 g - 2 scrolls of noise
 i - 3 scrolls of silence
 y - a scroll of poison
 B - a scroll of identify
 C - 2 scrolls of fear
Potions
 f - 3 potions of lignification
 h - 8 potions of curing
 k - 4 potions of brilliance
 l - 2 potions of enlightenment
 u - 3 potions of resistance
 z - a potion of mutation
 E - 2 potions of cancellation
 I - a potion of invisibility {unknown}
 J - a potion of ambrosia {unknown}


   Skills:
 + Level 9.3(14.3) Fighting
 + Level 13.3(18.3) Axes
 + Level 10.0(15.0) Armour
 + Level 2.0(7.0) Dodging
 + Level 0.1(5.1) Stealth
 + Level 8.7(13.7) Shields


You had 9 spell levels left.
You didn't know any spells.
Your spell library contained the following spells:

 Spells                   Type           Power      Damage    Failure   Level
 Freeze                   Ice            0%         1d3       99%         1
 Sublimation of Blood     Necr           0%         N/A       100%        2
 Freezing Cloud           Conj/Ice/Air   0%         6-21      100%        5
 Metabolic Englaciation   Hex/Ice        0%         N/A       100%        5
 Polar Vortex             Ice            0%         N/A       100%        9
 Call Imp                 Summ           Unusable   N/A       N/A         2
 Summon Hydra             Summ           Unusable   N/A       N/A         7

Dungeon Overview and Level Annotations

Branches:
Dungeon (9/15)             Temple (1/1) D:4         Ossuary (visited)
 Bailey (1/1)
   Lair: D:8-11         Orc: D:9-12

Altars:
Ashenzari
Cheibriados
Dithmenos
Fedhas
Gozag
Hepliaklqana
Kikubaaqudgha
Makhleb
Nemelex Xobeh
Okawaru
Qazlal
Ru
Sif Muna
Trog
Uskayaw
Vehumet
Wu Jian
Xom
Yredelemnul
Zin
The Shining One

Shops:
D:4 [


Innate Abilities, Weirdness & Mutations

You have a pair of horns on your head.
You reflexively headbutt those who attack you in melee.


Message History

You block the orc knight's attack. The orc warrior closely misses you.
There is an open door here.
You slash the orc knight!
The orc knight is lightly wounded.
You slash the orc warrior! You hit the orc knight.
The orc knight hits you with a +0 glaive!
The orc warrior hits you with a +0 spear!
The orc knight roars a battlecry!
The orcs go into a battle-frenzy!
The orc warrior hits you from afar with a +4 trident!
You barely miss the orc knight. You headbutt the orc knight.
The orc knight is lightly wounded.
You slash the orc warrior! You closely miss the orc knight.
The orc knight hits you with a +0 glaive!
The orc warrior hits you with a +0 spear!
The orc knight hits you but does no damage.
The orc warrior hits you from afar with a +4 trident!
You slice the orc warrior!!
You kill the orc warrior!
Okawaru accepts your kill.
You slash the orc knight! You barely miss the orc knight.
The orc knight barely misses you. The orc knight closely misses you.
You block the orc warrior's attack.
Unknown command.
The orc knight roars a battlecry!
The orc knight goes into a battle-frenzy!
The orc knight hits you from afar with a +0 halberd!!
* * * LOW HITPOINT WARNING * * *
The orc warrior attacks as it pursues you!
The orc warrior completely misses you.
You see here a +0 great sword of flaming.
You feel much better.
The orc knight hits you from afar with a +0 glaive!
* * * LOW HITPOINT WARNING * * *
The orc knight misses you.
The orc warrior hits you but does no damage.
The orc knight hits you with a +0 halberd!!
* * * LOW HITPOINT WARNING * * *
The orc knight hits you with a +0 glaive!!
You die...

..~≈≈~≈≈≈~~~#########~~~≈≈≈~≈≈~..
..~~~~~~~~~##~~~~~~~##~~~~~~)~~..
..~~~~~~~~##~~#'#'#~~##~~~~~~~~..
..~~~~~~~~#~~##)#)##~~#~~~~~~~~..
..~~~~~~~##~#########~##~~~~~~~..
..~~~~~~~##~')#=.?#)'~##~~~~~~~..
..~~~~~~~##~###._.###~##~~~~~~~..
..~~~~~~~##~')#ooo#.'~##~~~~~~~..
..~~~~~~~##~####@####~##~~~~~~~..
..~~~~~~~##~~##∩)∩##~~#~~~~~~~~..
..~~~~~~~~~~~##'''#~~##~~~~~~~~..
..~~~~~~~~~~~##~~~~~##~~~~~~~~~..
..~≈≈~≈≈≈~~~~##~~~~##~~~≈≈≈~≈≈~..
..≈≈#)##≈~~~~#######~~~~≈##.#≈≈..
..≈##)∩#≈~~~~~~~~~~~~~~~≈#∩.##≈..
..≈#.)..~~~~~~~~~~~~~~~~~))..#≈..
..≈##.##≈~~~~~~~~~~~~~~~≈##.##≈..


You could see 2 orc knights and an orc warrior (strong).

Vanquished Creatures
  Pikel (D:8)
  Maurice (D:8)
  The ghost of snydleywhiplash the Cleaver, a novice MiFi (D:5)
  Psyche (D:8)
  6 yaks (D:8)
  2 wyverns
  A basilisk (D:6)
  3 steam dragons
  2 acid dragons (D:8)
  A water moccasin (D:9)
  9 orc warriors
  An ice beast (D:6)
  2 black bears
  2 sky beasts (D:7)
  3 ogres
  3 lemures (D:8)
  2 elf zombies (Ossuary)
  3 bullfrogs
  A necrophage (D:7)
  4 scorpions
  9 wights (D:7)
  2 vampire bats (D:5)
  3 human zombies (Ossuary)
  2 centaur zombies (Ossuary)
  3 hounds
  2 orc priests (D:6)
  4 iguanas
  8 orc wizards
  4 hound zombies (Ossuary)
  A hound skeleton (D:7)
  2 mummies (Ossuary)
  3 gnolls (D:5)
  13 adders
  A shadow imp (D:5)
  2 white imps
  An ufetubus (D:5)
  4 adder zombies (Ossuary)
  3 dart slugs
  5 ribbon worms
  43 orcs
  4 ball pythons
  6 bats
  3 bat skeletons (D:5)
  2 bat zombies (D:5)
  8 endoplasms
  2 giant cockroaches
  12 goblins
  9 hobgoblins
  4 jackals
  5 kobolds
  7 quokkas
  3 frilled lizards
  9 gnoll zombies (Ossuary)
  6 jackal zombies (Ossuary)
  5 kobold zombies (Ossuary)
  2 orc zombies (Ossuary)
  6 rats
257 creatures vanquished.

Vanquished Creatures (others)
  A yak (D:8)
  A lemure (D:8)
2 creatures vanquished.

Grand Total: 259 creatures vanquished

Notes
Turn   | Place    | Note
-------+----------+-------------------------------------------
     0 | D:1      | Silvore the Minotaur Fighter began the quest for the Orb.
     0 | D:1      | Reached XP level 1. HP: 19/19 MP: 0/0
    80 | D:1      | Reached XP level 2. HP: 27/27 MP: 1/1
   328 | D:1      | Got the Catalogue of Firn
   557 | D:2      | Reached skill level 3 in Axes
   557 | D:2      | Reached XP level 3. HP: 33/33 MP: 2/2
  1203 | D:2      | Reached skill level 4 in Axes
  1205 | D:2      | Reached XP level 4. HP: 40/40 MP: 3/3
  1666 | D:3      | Found a snail-covered altar of Cheibriados.
  1670 | D:3      | Identified the +1 ring mail of Indomitability {Harm rF++
                  | Str-5}
  2013 | D:4      | Noticed an ogre
  2030 | D:3      | Reached skill level 5 in Axes
  2030 | D:3      | Reached XP level 5. HP: 36/47 MP: 4/4
  2078 | D:4      | Killed an ogre
  2084 | D:4      | Reached XP level 6. HP: 20/53 MP: 5/5
  2086 | D:4      | Reached skill level 5 in Fighting
  2248 | D:4      | Found a staircase to the Ecumenical Temple.
  2259 | D:4      | Reached skill level 6 in Axes
  2288 | Temple   | Entered the Ecumenical Temple
  2301 | Temple   | Became a worshipper of Warmaster Okawaru
  2464 | D:4      | Reached skill level 5 in Armour
  2496 | D:4      | Found Qebopog's Armour Shop.
  2793 | D:5      | Entered Level 5 of the Dungeon
  2798 | D:5      | Reached XP level 7. HP: 58/61 MP: 6/6
  2804 | D:5      | Reached skill level 7 in Axes
  2807 | D:5      | Reached skill level 5 in Shields
  2870 | D:5      | Reached * piety under Okawaru
  2951 | D:5      | Noticed a wyvern
  2955 | D:5      | Killed a wyvern
  2956 | D:5      | Reached skill level 8 in Axes
  2992 | D:5      | Found a large runed translucent door.
  2993 | D:5      | Found a large runed translucent door.
  2999 | D:5      | Noticed snydleywhiplash's ghost (novice MiFi)
  3210 | D:5      | Reached XP level 8. HP: 36/70 MP: 7/7
  3468 | D:5      | Reached skill level 1 in Dodging
  3568 | D:5      | Reached skill level 9 in Axes
  3669 | D:5      | Found an ancient bone altar of Kikubaaqudgha.
  3683 | D:5      | Reached ** piety under Okawaru
  3857 | D:5      | Killed snydleywhiplash's ghost
  3961 | D:6      | Reached skill level 10 in Axes
  4058 | D:6      | Reached *** piety under Okawaru
  4078 | D:6      | Reached XP level 9. HP: 76/78 MP: 8/8
  4333 | D:6      | Noticed a moth of wrath
  4335 | D:6      | Found a bloodstained altar of Trog.
  4372 | D:6      | Reached skill level 11 in Axes
  4883 | D:7      | Found a shimmering blue altar of Sif Muna.
  5146 | D:7      | Found a sand-covered staircase.
  5151 | Ossuary  | Entered an ossuary
  5384 | Ossuary  | Reached **** piety under Okawaru
  5661 | D:7      | Reached skill level 12 in Axes
  5887 | D:7      | Found a burning altar of Makhleb.
  6021 | D:8      | Noticed Maurice
  6028 | D:8      | Something stole a +6 ring of dexterity
  6029 | D:8      | Something stole 231 gold
  6036 | D:8      | Something stole a throwing net
  6038 | D:8      | Something stole a +4 hand axe
  6043 | D:8      | Killed Maurice
  6079 | D:8      | Reached XP level 10. HP: 86/86 MP: 3/9
  6079 | D:8      | Noticed Pikel
  6092 | D:8      | Killed Pikel
  6213 | D:8      | Noticed Psyche
  6225 | D:8      | Reached ***** piety under Okawaru
  6227 | D:8      | Killed Psyche
  6237 | D:8      | Reached skill level 13 in Axes
  6655 | D:9      | Noticed a two-headed ogre
  6710 | D:9      | Found a flagged portal.
  6740 | Bailey   | Entered a bailey
  6763 | Bailey   | Received a gift from Okawaru
  6989 | Bailey   | Reached skill level 10 in Armour
  7023 | Bailey   | Noticed an orc knight
  7023 | Bailey   | Noticed an orc knight
  7031 | Bailey   | HP: 3/91 [orc knight/+0 halberd (20)]
  7031 | Bailey   | Demolished by an orc knight

Illustrated notes

Levels and vault maps discovered:
D:1:      eino_arrival_cavern_d, layout_rooms
D:2:      layout_loops_corners, dk_vineyard_2, due_unseen_surprise
D:3:      layout_loops_cross, mainiacjoe_overflow_chevrons
D:4:      layout_basic, minmay_temple_entry_waves, serial_shops, shop,
          abandoned_shop
D:5:      minmay_skewed_foursquare, layout_basic, kennysheep_vampire_church,
          ebering_ghost_disaster_area
D:6:      layout_basic, tgw_trog
D:7:      layout_basic, makhleb_blood_cavern_becter, lemuel_tele_altar,
          nicolae_ossuary_entry_false_entrances, st_stairs_6
D:8:      layout_cave_pools, uniq_pikel, uniq_psyche, uniq_maurice
D:9:      layout_small_grid, enter_bailey_5, uniq_gastronok
Temple:   regret_index_temple_sphere_string
Bailey:   bailey_polearm_2, bailey

Skill      XL: |  1  2  3  4  5  6  7  8  9 10 |
---------------+-------------------------------+-----
Armour         | 4 5 6 7 8 10 | 10.0
Fighting       | 4 5 6 7 9 |  9.3
Axes           | 3 4 5 6 8 10 12 13 | 13.3
Shields        | 4 5 6 8 |  8.7
Dodging        | 1 2 |  2.0
Stealth        | |  0.1

Action                     |  1- 3 |  4- 6 |  7- 9 | 10-12 || total
---------------------------+-------+-------+-------+-------++-------
  Melee: War axe           |    61 |    79 |    97 |   115 ||   352
         Headbutt          |    13 |    10 |    70 |    21 ||   114
         Hand axe          |       |       |   269 |       ||   269
 Invoke: Heroism           |       |       |       |     1 ||     1
    Use: Scroll            |     3 |     8 |     7 |       ||    18
         Potion            |       |     2 |       |     3 ||     5
 Armour: Scale mail        |     7 |       |       |       ||     7
         Plate armour      |    62 |    78 |   292 |   181 ||   613
         Skin              |     1 |       |       |       ||     1
  Dodge: Dodged            |    35 |    32 |    97 |    64 ||   228
  Block: Buckler           |    26 |    31 |    72 |    61 ||   190
